Unix NetHack Version 3.7.0-89 Work-in-progress - last build Nov 29 2023 14:12:02 (8663f69846b387d428bf56816b0fc57e108cd183,branch:master). Game began 2023-10-22 17:32:57, ended 2024-01-24 15:46:46. youngster, neutral female human Healer -- .| -.-- ... -- .-.. ---. ...- --... ...--- |.....- .....---- -.(...-- --......... -- -.....----......0 - ---.. -- -.....<`)(G..G.....| -......... --........@d--- - -..............`)..-- |.............G.---- ---. --........-- -- ----.--.. -- --- Youngster the Rhizotomist St:10 Dx:9 Co:12 In:11 Wi:17 Ch:16 Neutral Dlvl:4 $:1220 HP:0(13) Pw:6(6) AC:8 Xp:1/10 T:1365 Hungry Latest messages: Hachi misses the gnome. Hachi misses the gnome. The gnome throws a dagger! The dagger misses the gnome. You are hit by a dagger. Hachi drops a dagger. Hachi bites the gnome. Hachi picks up a dagger. Hachi bites the gnome. The gnome is killed! Hachi drops a dagger. The gnome throws a dagger! The dagger misses Hachi. You are hit by a dagger. Something is written here in the dust. You read: "Elbercth". You see here a dagger. What do you want to write with? [- fr or ?*] Do you want to add to the current engraving? [ynq] (y) You wipe out the message that was written in the dust here. You write in the dust with your fingertip. The gnome turns to flee. The gnome throws a dagger! You are hit by a dagger. Hachi picks up a dagger. Hachi drops a dagger. You see here a dagger. The gnome picks up a thonged club. You see here a dagger. The gnome picks up a dagger. The gnome picks up a crossbow. What do you want to write with? [- fr or ?*] You write in the dust with your fingertip. Hachi misses the gnome. The gnome turns to flee. The gnome picks up 5 crossbow bolts. You see here a dagger. Hachi bites the gnome. The gnome is killed! You swap places with Hachi. s - an aluminum wand. Hachi bites the gnome lord. Hachi bites the gnome lord. The gnome lord wields a thonged club! Hachi misses the gnome lord. t - a thonged club. Hachi bites the gnome lord. The gnome lord swings his thonged club. The gnome lord hits! You die... Inventory: Coins ('$') $ - 1220 gold pieces Weapons (')') t - an uncursed +0 aklys Armor ('[') b - an uncursed +1 pair of leather gloves (being worn) Comestibles ('%') j - 5 uncursed apples p - an uncursed egg Scrolls ('?') l - a cursed scroll of enchant weapon a - an uncursed scroll of fire m - an uncursed scroll of taming Spellbooks ('+') k - an uncursed spellbook of detect treasure h - a blessed spellbook of extra healing g - a blessed spellbook of healing q - an uncursed spellbook of invisibility i - a blessed spellbook of stone to flesh Potions ('!') o - an uncursed potion of acid e - 4 uncursed potions of extra healing d - 4 uncursed potions of healing Rings ('=') r - a cursed ring of fire resistance Wands ('/') s - an uncursed wand of digging (0:7) f - an uncursed wand of sleep (0:5) Tools ('(') c - an uncursed stethoscope Youngster the Healer's attributes: Background: You were a Rhizotomist, a level 1 female human Healer. You were neutral, nominally on a mission for Hermes who was opposed by Athena (lawful) and Poseidon (chaotic). You were in the Gnomish Mines, on level 4. You entered the dungeon 1365 turns ago. You had 10 experience points, 10 more were needed to attain level 2. Basics: You had 0 out of 13 hit points. You had all 6 energy points (spell power). Your armor class was 8. Your wallet contained 1220 zorkmids. Autopickup was on for '$?!"=/*' plus thrown, with exceptions. Final Characteristics: Your strength was 10 (limit:18/100). Your dexterity was 9 (limit:18). Your constitution was 12 (limit:18). Your intelligence was 11 (limit:18). Your wisdom was 17 (limit:18). Your charisma was 16 (limit:18). Final Status: You were hungry. You were unencumbered. You were empty handed. You were unskilled in bare handed combat. Final Attributes: You were devoutly aligned. You were poison resistant. You are dead. Miscellaneous: You never encountered a bones level. Total elapsed playing time was 17 minutes and 37 seconds. Major events: Turn 1: youngster the neutral female human Healer entered the dungeon 915: entered the Gnomish Mines 1365: killed by a gnome lord Vanquished creatures: 7 gnomes a jackal a fox a kobold 3 grid bugs 2 lichens a kobold zombie 8 newts 24 creatures vanquished. No species were genocided or became extinct. Voluntary challenges: You were an atheist. You never hit with a wielded weapon. You read items or engraved 9 times. You engraved Elbereth 6 times. You never genocided any monsters. You never polymorphed an object. You never changed form. You used no wishes. Achievement: You entered the Gnomish Mines. The Dungeons of Doom: levels 1 to 5 Level 1: Level 2: "loot on body" Level 3: A grave. Stairs down to The Gnomish Mines. Level 4: A fountain, a sink. Level 5: The Gnomish Mines: Level 4: <- You were here. Final resting place for you, killed by a gnome lord. Game over: ---------- / \ / REST \ / IN \ / PEACE \ / \ | youngster | | 1220 Au | | killed by a | | gnome lord | | | | | | 2024 | *| * * * | * _________)/\\_//(\/(/\)/\//\/|_)_______ Goodbye youngster the Healer... You died in The Gnomish Mines on dungeon level 4 with 284 points, and 1220 pieces of gold, after 1365 moves. You were level 1 with a maximum of 13 hit points when you died.